 Dungeon Sprint DCSS version 0.16.1-28-gcc2312f (webtiles) character file.

2136 Kidiri the Thaumaturge (level 9, -11/54 HPs)
             Began as a Deep Elf Summoner on May 29, 2015.
             Was the Champion of Sif Muna.
             Shot with an arrow by a centaur warrior (24 damage)
             ... in the Dungeon (Sprint I: "Red Sonja").
             The game lasted 00:13:03 (1325 turns).

Kidiri the Thaumaturge (Deep Elf Summoner)          Turns: 1325, Time: 00:13:05

Health: -11/54     AC:  1    Str:  5    XL:     9   Next: 9%
Magic:  28/32      EV: 17    Int: 22    God:    Sif Muna [******]
Gold:   513        SH:  0    Dex: 15    Spells: 10 memorised, 4 levels left

rFire  . . .     SeeInvis .     o - +0 short sword (distort)
rCold  . . .     Clarity  .     a - +0 robe
rNeg   . . .     SustAb   .     (no shield)
rPois  .         Gourm    .     (no helmet)
rElec  .         Spirit   .     (no cloak)
rCorr  .         Warding  .     (no gloves)
rMut   .         NoTele   +     (no boots)
MR     .....                    (no amulet)
Stlth  ++........               (no ring)
                                m - ring of flight

@: not resistant to hostile enchantments, unstealthy
A: blurry vision 1, breathe flames 1, deformed body, deterioration 1, dopey 1,
screaming 1, MP-powered wands 1
a: Channel Energy, Forget Spell, Renounce Religion, Breathe Fire, Evoke Flight


You were in the Dungeon.
You worshipped Sif Muna.
Sif Muna was exalted by your worship.
You were not hungry.

You visited 1 branch You collected 513 gold pieces.

Inventory:

Hand weapons
 o - a +0 short sword of distortion (weapon)
Armour
 a - a +0 robe (worn)
Jewellery
 m - a ring of flight (left hand)
Magical devices
 k - a wand of polymorph (12)
 n - a wand of magic darts (20)
Scrolls
 c - a scroll of fear {unknown}
 i - a scroll of blinking
 l - a scroll of enchant armour {unknown}
Potions
 d - a potion of curing
 e - a potion of heal wounds
 f - a potion of haste
 g - 2 potions of magic
 h - a potion of berserk rage
Books
 b - a book of Callings

   Spells                             Type                      Level
   a - Summon Small Mammal            Summoning                    1
   b - Call Imp                       Summoning                    2
   c - Call Canine Familiar           Summoning                    3
   d - Summon Guardian Golem          Hexes/Summoning              4
   e - Summon Lightning Spire         Summoning/Air                4
   f - Summon Ice Beast               Ice/Summoning                4
 j - Sif Muna's Handbook of Curses
   (Sif Muna gifted it to you in the Dungeon)

   Spells                             Type                      Level
   a - Corona                         Hexes                        1
   b - Ensorcelled Hibernation        Hexes/Ice                    2
   c - Cause Fear                     Hexes                        4
   d - Enslavement                    Hexes                        4
   e - Mass Confusion                 Hexes                        6


   Skills:
 + Level 5.5 Fighting
 + Level 8.7 Dodging
 - Level 2.4 Stealth
 * Level 12.7 Spellcasting
 * Level 8.8 Hexes
 * Level 11.4 Summonings
 * Level 7.5 Ice Magic
 * Level 6.9 Air Magic


You had 4 spell levels left.
You knew the following spells:

 Your Spells              Type           Power        Failure   Level  Hunger
a - Summon Small Mammal   Summ           ####         1%          1    None
b - Call Imp              Summ           ######..     1%          2    None
c - Call Canine Familiar  Summ           ######..     1%          3    None
d - Summon Guardian Gole  Hex/Summ       ######..     1%          4    None
e - Summon Ice Beast      Ice/Summ       ######..     1%          4    None
f - Summon Lightning Spi  Summ/Air       ######..     1%          4    None
g - Corona                Hex            ######.      1%          1    None
h - Ensorcelled Hibernat  Hex/Ice        ######       1%          2    None
i - Cause Fear            Hex            ######....   1%          4    None
j - Enslavement           Hex            ######..     1%          4    None


Dungeon Overview and Level Annotations

Branches:
Dungeon (1/1)

Altars:
Cheibriados
Dithmenos
Elyvilon
Fedhas
Gozag
Kikubaaqudgha
Makhleb
Nemelex Xobeh
Okawaru
Qazlal
Ru
Sif Muna
Trog
Vehumet
Xom
Yredelemnul
Zin
The Shining One
Jiyva

Shops:
D :***[=


Innate Abilities, Weirdness & Mutations

Scrolls take you a little longer to read.
You can breathe flames.
Armour fits poorly on your strangely shaped body.
Your body is slowly deteriorating.
You are dopey. (Int -2)
You occasionally shout uncontrollably at your foes.
You expend magic power (3 MP) to slightly strengthen your wands.


Message History

There is an open door here.
You open the door.
There is an open door here.
What do you say? t - Shout!
Orders for allies: a - Attack new target. r - Retreat! s - Stop attacking. w - Wait here. f - Follow me.
Anything else - Stay silent.
You shout for attention!
You hear a shout!
The centaur warrior wields a shortbow.
The centaur warrior shoots an arrow.
The arrow hits you!!
The centaur warrior wields a longbow.
The centaur warrior shoots an arrow.
The arrow closely misses you.
Casting: Summon Lightning Spire
Confirm with . or Enter, or press ? or * to list all spells.
A chill wind blows around you.
The centaur warrior shoots an arrow.
The arrow hits you!
* * * LOW HITPOINT WARNING * * *
The centaur warrior shoots an arrow.
The arrow hits you!!
You die...

##################
<.#..'[.#..'..#__#
..)..#..'..#..'^.+
..#####'#####'#__####
..####..#..)#.####?)#
..#__####..##.#≈§§.§#
..#_..__##)#..§§8§c.+
⌠5#_.∩...'..._#§§§c§#
###_..._##_.#'##@####
#_____###'#.#Y.[.#
###########.####'###
∩........'...'.....+
##''''####...#######
.......####.##
........# #+#
..#.....# ........#


You could see 2 centaur warriors, a friendly ice beast and a friendly lightning
spire.

Vanquished Creatures (collateral kills)
  A deep troll (D)
  8 shining eyes (D)
  A slime creature (D)
  Sonja (D)
  A yak (D)
  An ogre (D)
  Sigmund (D)
  2 jellies (D)
  Ijyb (D)
  4 giant eyeballs (D)
21 creatures vanquished.

Vanquished Creatures (others)
  A gargoyle (D)
  An ice beast (D)
  3 crimson imps (D)
  2 white imps (D)
  2 bats (D)
  2 quokkas (D)
  A rat (D)
12 creatures vanquished.

Grand Total: 33 creatures vanquished

Notes
Turn   | Place    | Note
--------------------------------------------------------------
     0 | D        | Kidiri, the Deep Elf Summoner, began the quest for the Orb.
     0 | D        | Reached XP level 1. HP: 10/10 MP: 5/5
     2 | D        | Noticed Ijyb
    12 | D        | Killed a gargoyle
    41 | D        | Killed Ijyb
    41 | D        | Reached skill level 1 in Fighting
    41 | D        | Reached skill level 5 in Summonings
    41 | D        | Reached XP level 2. HP: 2/16 MP: 0/9
    45 | D        | Learned a level 2 spell: Call Imp
   315 | D        | Noticed an ogre
   330 | D        | Killed an ogre
   330 | D        | Reached skill level 6 in Spellcasting
   330 | D        | Reached XP level 3. HP: 19/21 MP: 1/15
   335 | D        | Learned a level 3 spell: Call Canine Familiar
   449 | D        | Noticed Sigmund
   462 | D        | Noticed a porcupine
   462 | D        | a hound changed into a porcupine
   463 | D        | Killed Sigmund
   463 | D        | Reached skill level 7 in Spellcasting
   463 | D        | Reached XP level 4. HP: 25/27 MP: 3/20
   469 | D        | Learned a level 4 spell: Summon Guardian Golem
   474 | D        | Learned a level 4 spell: Summon Ice Beast
   582 | D        | Found a snail-covered altar of Cheibriados.
   582 | D        | Found a viscous altar of Jiyva.
   582 | D        | Found a shadowy altar of Dithmenos.
   582 | D        | Found a blossoming altar of Fedhas.
   582 | D        | Noticed a slime creature
   587 | D        | Found a deep blue altar of Sif Muna.
   589 | D        | Killed a slime creature
   589 | D        | Reached skill level 5 in Dodging
   589 | D        | Reached skill level 9 in Spellcasting
   589 | D        | Reached XP level 5. HP: 30/32 MP: 9/23
   592 | D        | Noticed a jelly
   605 | D        | Killed a jelly
   614 | D        | Killed a jelly
   622 | D        | Found a radiant altar of Vehumet.
   633 | D        | Became a worshipper of Sif Muna the Loreminder
   713 | D        | Learned a level 4 spell: Summon Lightning Spire
   717 | D        | Found Uxem Klu's Assorted Antiques.
   717 | D        | Found a white marble altar of Elyvilon.
   717 | D        | Found a stormy altar of Qazlal.
   717 | D        | Found a basalt altar of Yredelemnul.
   717 | D        | Found an iron altar of Okawaru.
   717 | D        | Found a sparkling altar of Nemelex Xobeh.
   717 | D        | Found a shimmering altar of Xom.
   717 | D        | Found an ancient bone altar of Kikubaaqudgha.
   717 | D        | Noticed a yak
   720 | D        | Killed a yak
   720 | D        | Reached skill level 1 in Ice Magic
   720 | D        | Reached skill level 1 in Air Magic
   720 | D        | Reached XP level 6. HP: 38/38 MP: 21/25
   743 | D        | Found a burning altar of Makhleb.
   743 | D        | Found a sacrificial altar of Ru.
   743 | D        | Found a glowing golden altar of the Shining One.
   743 | D        | Found an opulent altar of Gozag.
   743 | D        | Found a glowing silver altar of Zin.
   744 | D        | Found a bloodstained altar of Trog.
   763 | D        | Noticed Sonja
   768 | D        | Killed Sonja
   768 | D        | Acquired Sif Muna's first power
   768 | D        | Acquired Sif Muna's second power
   768 | D        | Reached skill level 10 in Spellcasting
   939 | D        | Found Riudosk's Book Boutique.
   954 | D        | Noticed a shining eye
   954 | D        | Noticed a shining eye
   955 | D        | Noticed a shining eye
   955 | D        | Noticed a shining eye
   955 | D        | Noticed a shining eye
   955 | D        | Noticed a shining eye
   957 | D        | Gained mutation: Scrolls take you a little longer to read. [a shining eye]
   969 | D        | Killed a shining eye
   969 | D        | Reached skill level 5 in Hexes
   969 | D        | Reached XP level 7. HP: 42/44 MP: 9/28
   974 | D        | Killed a shining eye
   974 | D        | Acquired Sif Muna's third power
   974 | D        | Reached skill level 11 in Spellcasting
   974 | D        | Reached skill level 10 in Summonings
   974 | D        | Reached skill level 5 in Ice Magic
  1001 | D        | Killed a shining eye
  1001 | D        | Reached skill level 5 in Air Magic
  1004 | D        | Gained mutation: You are dopey. (Int -2) [a shining eye]
  1007 | D        | Gained mutation: Armour fits poorly on your strangely shaped body. [a shining eye]
  1015 | D        | Killed a shining eye
  1015 | D        | Reached skill level 5 in Fighting
  1015 | D        | Reached XP level 8. HP: 49/49 MP: 1/30
  1052 | D        | Killed a shining eye
  1052 | D        | Reached skill level 12 in Spellcasting
  1060 | D        | Killed a shining eye
  1068 | D        | Noticed a shining eye
  1068 | D        | Noticed a shining eye
  1069 | D        | Gained mutation: You expend magic power (3 MP) to slightly strengthen your wands. [a shining eye]
  1072 | D        | Paralysed by a giant eyeball for 3 turns
  1073 | D        | Gained mutation: You occasionally shout uncontrollably at your foes. [a shining eye]
  1074 | D        | Gained mutation: Your body is slowly deteriorating. [a shining eye]
  1076 | D        | Gained mutation: You can breathe flames. [a shining eye]
  1081 | D        | Killed a shining eye
  1081 | D        | Received a gift from Sif Muna
  1082 | D        | Identified Sif Muna's Handbook of Curses (Sif Muna gifted it to you in the Dungeon)
  1087 | D        | Killed a shining eye
  1106 | D        | Found Erhoir Mudgh's Antique Armour Shop.
  1106 | D        | Found Peanorhogge's General Store.
  1106 | D        | Found Kuenaom's Jewellery Boutique.
  1106 | D        | Found Dovoy's General Store.
  1203 | D        | Learned a level 1 spell: Corona
  1206 | D        | Learned a level 2 spell: Ensorcelled Hibernation
  1211 | D        | Learned a level 4 spell: Cause Fear
  1216 | D        | Learned a level 4 spell: Enslavement
  1256 | D        | Noticed a deep troll
  1261 | D        | Killed a deep troll
  1261 | D        | Reached XP level 9. HP: 54/54 MP: 24/32
  1304 | D        | Noticed a centaur warrior
  1304 | D        | Noticed a centaur warrior
  1325 | D        | Shot with an arrow by a centaur warrior

Action                   |  1- 3 |  4- 6 |  7- 9 || total
-------------------------+-------+-------+-------++-------
Melee: Unarmed           |    11 |       |       ||    11
 Cast: Summon Small Mamm |    10 |       |     2 ||    12
       Call Imp          |     9 |       |       ||     9
       Call Canine Famil |     1 |       |       ||     1
       Summon Ice Beast  |       |     7 |     6 ||    13
       Summon Lightning  |       |     4 |     4 ||     8
       Summon Guardian G |       |     2 |     1 ||     3
       Corona            |       |       |     1 ||     1
  Eat: Bread ration      |       |       |     1 ||     1
